 Dungeon Crawl Stone Soup version 0.26-a0-639-g72c4674329 (webtiles) character file.

Game seed: 2255453122579603617

410 Peloso the Slasher (level 6, -2/48 HPs)
             Began as a Demonspawn Fighter on Sept 17, 2020.
             Slain by an ogre
             ... wielding a +0 giant club
              (10 damage)
             ... on level 4 of the Dungeon.
             The game lasted 00:06:58 (3595 turns).

Peloso the Slasher (Demonspawn Fighter)             Turns: 3595, Time: 00:06:58

Health: -2/48      AC: 13    Str: 18    XL:     6   Next: 58%
Magic:  6/6        EV:  5    Int:  9    God:
Gold:   169        SH: 10    Dex: 13    Spells: 5/5 levels left

rFire    . . .     SeeInvis .   a - +0 long sword
rCold    . . .     Faith    .   c - +1 kite shield
rNeg     . . .     Spirit   .   f - +0 chain mail
rPois    .         Reflect  .   r - +0 helmet
rElec    .         Harm     .   (no cloak)
rCorr    .         Rampage  .   (no gloves)
MR       .....                  (no boots)
Stlth    ..........             n - amulet of magic regeneration
HPRegen  0.16/turn              (no ring)
MPRegen  0.35/turn              (no ring)

@: no status effects
A: hooves 1, molten scales 2, rot immunity
a: no special abilities


You were on level 4 of the Dungeon.
You visited 1 branch of the dungeon, and saw 4 of its levels.

You collected 169 gold pieces.

Inventory:

Hand Weapons
 a - a +0 long sword (weapon)
Armour
 b - a +0 scale mail
 c - a +1 kite shield (worn)
 f - a +0 chain mail (worn)
 r - a +0 helmet (worn)
Jewellery
 e - an uncursed ring of protection from fire
 h - an uncursed ring of protection from cold
 n - an amulet of magic regeneration (around neck)
Scrolls
 g - a scroll of fear
 l - 2 scrolls of identify
 m - 2 scrolls of teleportation
 o - 2 scrolls of enchant armour
 p - a scroll of magic mapping
 t - 2 scrolls of fog
Potions
 d - 3 potions of might
 i - 2 potions of flight
 j - a potion of heal wounds
 k - a potion of ambrosia {unknown}
 q - 2 potions of magic
 s - a potion of invisibility {unknown}


   Skills:
 + Level 3.9 Fighting
 + Level 4.1 Long Blades
 + Level 4.0 Armour
 + Level 0.6 Dodging
 + Level 4.0 Shields


You had 5 spell levels left.
You didn't know any spells.
Your spell library was empty.

Dungeon Overview and Level Annotations

Branches:
Dungeon (4/15)
 Temple: D:4-7

Altars:
Elyvilon
Kikubaaqudgha
Yredelemnul
Zin


Innate Abilities, Weirdness & Mutations

You have large cloven feet.
You are mostly covered in molten scales. (AC +3)
You are immune to rotting.


Message History

You feel stronger.
You feel a bit more experienced. You block the ogre's attack.
You barely miss the ogre. You slash the ogre!
The ogre is heavily wounded.
The ogre hits you with a +0 giant club!
You hit the ogre.
The ogre is heavily wounded.
The ogre barely misses you.
You hit the ogre. You kick the ogre, but do no damage.
The ogre is heavily wounded.
You block the ogre's attack.
You completely miss the ogre. You kick the ogre.
The ogre is severely wounded.
The ogre hits you with a +0 giant club!!
* * * LOW HITPOINT WARNING * * *
You hit the ogre. You kick the ogre, but do no damage.
The ogre is almost dead.
The ogre hits you with a +0 giant club!
You die...

. #. . #### ...
... .##..? _..#
... ....##....
.... #...#...
.....#..... ..
.....#)O.##....
.......@....#
........#####
.#.....<#
..........#
..##......# .
#..(#.....
#.###.?(### ##
#####


You could see an ogre.

Vanquished Creatures
  Sigmund (D:4)
  2 orc wizards
  A worker ant (D:3)
  Robin (D:2)
  4 gnolls (D:2)
  4 adders (D:3)
  A worm (D:2)
  2 dart slugs
  2 leopard geckos
  7 orcs
  A ball python (D:2)
  3 giant cockroaches
  20 goblins
  8 hobgoblins
  6 bats
  3 frilled lizards
  5 kobolds
  7 rats
  A spectral orc (D:2)
79 creatures vanquished.

Notes
Turn   | Place    | Note
-------+----------+-------------------------------------------
     0 | D:1      | Peloso the Demonspawn Fighter began the quest for the Orb.
     0 | D:1      | Reached XP level 1. HP: 18/18 MP: 1/1
   147 | D:1      | Gained mutation: You have large cloven feet. [demonic
                  | ancestry]
   147 | D:1      | Reached XP level 2. HP: 20/24 MP: 2/2
  1113 | D:2      | Found a glowing silver altar of Zin.
  1235 | D:2      | Gained mutation: You are partially covered in molten
                  | scales. (AC +2) [demonic ancestry]
  1235 | D:2      | Reached XP level 3. HP: 28/29 MP: 3/3
  1297 | D:2      | Found an ancient bone altar of Kikubaaqudgha.
  1342 | D:2      | Gained mutation: You are immune to rotting. [demonic
                  | ancestry]
  1342 | D:2      | Reached XP level 4. HP: 12/35 MP: 4/4
  1770 | D:2      | Found a faded altar of an unknown god.
  2039 | D:2      | Noticed Robin
  2078 | D:2      | Killed Robin
  2161 | D:2      | Found a basalt altar of Yredelemnul.
  2279 | D:2      | Gained mutation: You are mostly covered in molten scales.
                  | (AC +3) [demonic ancestry]
  2279 | D:2      | Reached XP level 5. HP: 41/41 MP: 5/5
  2514 | D:3      | HP: 2/41 [poisoned by a worker ant]
  3583 | D:4      | Noticed Sigmund
  3584 | D:4      | Found a white marble altar of Elyvilon.
  3586 | D:4      | Noticed an ogre
  3589 | D:4      | Killed Sigmund
  3589 | D:4      | Reached XP level 6. HP: 39/48 MP: 6/6
  3595 | D:4      | Slain by an ogre

Illustrated notes

Levels and vault maps discovered:
D:1:      scummos_arrival_simple_fountains, layout_basic
D:2:      layout_basic, nicolae_overflow_crystal_walls, old_standard_altar,
          yredelemnul_forgotten_temple_becter, chequers_ecumenical_altar_island,
          minmay_splitting_lines, uniq_robin
D:3:      layout_loops_cross
D:4:      layout_rooms, overflow_temple_1_default, uniq_sigmund,
          uniq_crazy_yiuf_cottage

Skill      XL: |  1  2  3  4  5 |
---------------+----------------+-----
Long Blades    | 2 3 4 |  4.1
Armour         | 3 4 |  4.0
Shields        | 3 4 |  4.0
Fighting       | |  3.9
Dodging        | |  0.6

Action                   |  1- 3 |  4- 6 || total
-------------------------+-------+-------++-------
Melee: Long sword        |    80 |   184 ||   264
       Kick              |    16 |    35 ||    51
  Use: Scroll            |     5 |     5 ||    10
       Potion            |     3 |     2 ||     5
Armor: Scale mail        |     9 |       ||     9
       Chain mail        |    54 |   126 ||   180
Dodge: Dodged            |    20 |    32 ||    52
Block: Kite shield       |    47 |    82 ||   129
       Rpst.: Long sword |     9 |     8 ||    17

Table legend: (Time is in decaauts)
 A = Elapsed time spent in this place.
 B = Non-inter-level travel time spent in this place.
 C = Inter-level travel time spent in this place.
 D = Time resting spent in this place.
 E = Time spent auto-exploring this place.
 F = Levels seen in this place.
 G = Mean time per level.
                   A        B        C        D        E       F      G
               +--------+--------+--------+--------+--------+-----+--------+
         Total |   3671 |   3632 |     39 |    483 |   2403 |   4 |  917.8 |
       Dungeon |   3671 |   3632 |     39 |    483 |   2403 |   4 |  917.8 |
               +--------+--------+--------+--------+--------+-----+--------+

Top non-repeatable levels by time:
     D:2: 1388 daAuts
     D:3: 1175 daAuts
     D:1: 1093 daAuts
     D:4: 14 daAuts
